 Dungeon Crawl Stone Soup version 0.22.1-1-ga44c0e5 (webtiles) character file.

1906 Folque the Geomancer (level 9, -10/56 HPs)
             Began as an Octopode Earth Elementalist on Oct 17, 2018.
             Was a Follower of Sif Muna.
             Mangled by an orc warrior
             ... wielding a +0 flail
              (24 damage)
             ... on level 5 of the Dungeon.
             The game lasted 00:27:11 (6244 turns).

Folque the Geomancer (Octopode Earth Elementalist)  Turns: 6244, Time: 00:27:12

Health: -10/56     AC:  1    Str:  7    XL:     9   Next: 16%
Magic:  0/18       EV: 15    Int: 21    God:    Sif Muna [*.....]
Gold:   246        SH:  0    Dex: 12    Spells: 5/20 levels left

rFire    . . .     SeeInvis .   v - staff of earth
rCold    . . .     Gourm    .   (no shield)
rNeg     . . .     Faith    .   (helmet restricted)
rPois    .         Spirit   .   (no amulet)
rElec    .         Reflect  .   d - ring of protection from magic
rCorr    .         Harm     .   (no ring)
MR       +....                  (no ring)
Stlth    +++.......             (no ring)
HPRegen  0.18/turn              (no ring)
MPRegen  0.16/turn              (no ring)
                                (no ring)
                                (no ring)

@: no casting
A: almost no armour, stealthy swim, amphibious, 8 rings, constrict 8, camouflage
1, gelatinous body 1
a: Stop Divine Energy, Renounce Religion


You were on level 5 of the Dungeon.
You worshipped Sif Muna.
Sif Muna was aware of your devotion.
You were not hungry.

You visited 2 branches of the dungeon, and saw 7 of its levels.
You also visited: Sewer.

You collected 246 gold pieces.

Inventory:

Hand Weapons
 e - a +1 short sword of venom
 h - a +1 dagger of venom
 k - a +0 hand axe
 m - a +0 dagger of venom
 n - a +0 blowgun
 u - a +4 hand axe of flaming
 I - a +2 flail of holy wrath
Missiles
 b - 317 stones
 l - 25 poisoned needles
 x - 13 tomahawks (quivered)
Magical Staves
 v - an uncursed staff of earth (weapon)
 B - an uncursed staff of cold
Jewellery
 d - a ring of protection from magic (left tentacle)
 f - a cursed ring of teleportation {unknown}
Wands
 F - a wand of flame (4)
Scrolls
 o - 2 scrolls of enchant weapon {unknown}
 s - a scroll of fog {unknown}
 t - a scroll of remove curse
 w - 2 scrolls of immolation {unknown}
 y - a scroll of fear {unknown}
 C - a scroll of enchant armour {unknown}
 D - 2 scrolls of identify
 H - a scroll of teleportation {unknown}
 J - a scroll of amnesia {unknown}
Potions
 a - a potion of ambrosia {unknown}
 g - 3 potions of flight {unknown}
 i - 4 potions of heal wounds
 j - a potion of resistance {unknown}
 p - 7 potions of curing
 q - 2 potions of might {unknown}
 r - 3 potions of brilliance
 z - a potion of cancellation {unknown}
 A - 3 potions of mutation {unknown}
 G - a potion of lignification {unknown}
 K - a potion of magic {unknown}
Comestibles
 c - 6 rations
 E - 4 chunks of flesh


   Skills:
 + Level 3.1 Fighting
 - Level 5.2 Dodging
 - Level 4.0 Stealth
 - Level 6.2 Spellcasting
 + Level 5.5 Conjurations
 - Level 2.0 Transmutations
 * Level 9.3 Earth Magic


You had 5 spell levels left.
You knew the following spells:

 Your Spells              Type           Power        Failure   Level  Hunger
a - Sandblast             Erth           ######       1%          1    None
b - Passwall              Tmut/Erth      #####...     1%          2    None
c - Stone Arrow           Conj/Erth      ######       1%          3    #......
d - Lee's Rapid Deconstr  Erth           ######....   6%          5    #####..
e - Petrify               Tmut/Erth      #####...     10%         4    ###....

Your spell library contained the following spells:

 Spells                   Type           Power        Failure   Level  Hunger


Dungeon Overview and Level Annotations

Branches:
Dungeon (6/15)             Temple (1/1) D:4

Altars:
Ashenzari
Cheibriados
Dithmenos
Elyvilon
Fedhas
Gozag
Hepliaklqana
Kikubaaqudgha
Makhleb
Nemelex Xobeh
Okawaru
Qazlal
Ru
Sif Muna
Trog
Uskayaw
Vehumet
Wu Jian
Xom
Yredelemnul
Zin
The Shining One

Shops:
D:4 [   D:5 (

Annotations:
D:6 Eustachio


Innate Abilities, Weirdness & Mutations

You cannot wear most types of armour.
You are very stealthy in the water. (Stealth+)
You are amphibious.
You can wear up to eight rings at the same time.
You can use your tentacles to constrict eight enemies at once.
Your skin changes colour to match your surroundings (Stealth+).
Your rubbery body absorbs attacks. (AC +1, EV +1)


Message History

Aim: an orc warrior, wielding a long sword of holy wrath and wearing a chain You feel a surge of power!
The stone arrow hits the orc warrior.
You kill the orc warrior!
Sif Muna accepts your kill. The orc warrior hits you with a flail!
* * * LOW HITPOINT WARNING * * *
There is a stone staircase leading up here.
The orc warrior closely misses you.
You climb upwards.
There is a stone staircase leading down here.
You see here 16 arrows.
Casting: Stone Arrow (safe; 1% risk of failure)
Confirm with . or Enter, or press ? or * to list all spells.
Aiming: Petrify (safe; 10% risk of failure)
Press: ? - help, Shift-Dir - straight line, f - orc warrior
Aim: an orc warrior, wielding a flail and wearing a chain mail (chance to You feel a surge of power!
The orc warrior is moving more slowly.
Sif Muna grants you divine energy.
You briefly lose access to your magic!
The orc warrior hits you with a flail!!
You die...

.................##)#
#.#
########.####..####)#
#.# #.# #..# #)####.#
#.# #..# #...##.# #.#
#..# ###.##.# #.#
#..######.##.## #.#
#.............# #.#
#.............# #.#
#...@o....###.# #.#
##.#####..# #.#
#.#####.# #..# #.#
#.......#####..# #.#
#######.#......# #.#
#.#.####.# #.# ##<#.#
#.# #.# #..#.# #.#
#.#
#######..#.####.###.#


You could see an orc warrior (petrifying).

Vanquished Creatures
  An ice beast (D:5)
  An orc warrior (D:6)
  A centaur (D:5)
  3 ogres
  4 big kobolds (Sewer)
  2 bullfrogs (D:6)
  3 scorpions
  A crimson imp (D:6)
  A centaur zombie (D:5)
  2 hounds
  2 orc priests (D:5)
  7 orc wizards
  Terence (D:2)
  A bullfrog skeleton (D:5)
  An iguana (D:5)
  2 worker ants
  A hound skeleton (D:6)
  11 adders
  3 oozes
  2 worms (D:2)
  A dart slug (D:3)
  5 leopard geckos (D:3)
  29 orcs
  6 bats
  7 giant cockroaches
  6 goblins
  8 hobgoblins
  10 jackals
  22 kobolds
  2 quokkas
  5 ball pythons
  3 frilled lizards
  11 rats
  A fungus (Sewer)
166 creatures vanquished.

Notes
Turn   | Place    | Note
-------+----------+-------------------------------------------
     0 | D:1      | Folque the Octopode Earth Elementalist began the quest for
                  | the Orb.
     0 | D:1      | Reached XP level 1. HP: 11/11 MP: 3/3
   113 | D:1      | Reached XP level 2. HP: 14/18 MP: 3/5
   179 | D:1      | Reached skill level 1 in Fighting
   366 | D:1      | Learned a level 2 spell: Passwall
   668 | D:1      | Reached XP level 3. HP: 17/23 MP: 6/6
   962 | D:2      | Learned a level 3 spell: Stone Arrow
  1137 | D:2      | Noticed a scorpion
  1155 | D:2      | Reached skill level 7 in Earth Magic
  1155 | D:2      | Reached XP level 4. HP: 6/29 MP: 6/12
  1169 | D:2      | Reached XP level 5. HP: 18/34 MP: 1/13
  1399 | D:2      | Noticed Terence
  1408 | D:2      | Learned a level 5 spell: Lee's Rapid Deconstruction
  1413 | D:2      | Learned a level 4 spell: Petrify
  1487 | D:2      | Killed Terence
  1612 | D:2      | Found an iron altar of Okawaru.
  1703 | D:2      | Reached XP level 6. HP: 39/39 MP: 2/15
  1917 | D:3      | Found a glowing drain.
  1936 | Sewer    | Entered a sewer
  2183 | Sewer    | Reached XP level 7. HP: 40/45 MP: 6/16
  3087 | D:3      | Found a shimmering altar of Xom.
  3087 | D:3      | Found a shimmering altar of Xom.
  3088 | D:3      | Found a shimmering altar of Xom.
  3089 | D:3      | Found a shimmering altar of Xom.
  3089 | D:3      | Found a shimmering altar of Xom.
  3092 | D:3      | Found a shimmering altar of Xom.
  3092 | D:3      | Found a shimmering altar of Xom.
  3407 | D:4      | Reached skill level 8 in Earth Magic
  3551 | D:4      | Found a staircase to the Ecumenical Temple.
  3561 | Temple   | Entered the Ecumenical Temple
  3691 | Temple   | Became a worshipper of Sif Muna the Loreminder
  3786 | D:4      | Reached XP level 8. HP: 50/50 MP: 15/17
  3869 | D:4      | Found Hosif's Armour Shop.
  4317 | D:5      | Entered Level 5 of the Dungeon
  4317 | D:5      | Found Waqaxor's Weapon Shoppe.
  4453 | D:5      | Reached skill level 5 in Dodging
  5168 | D:5      | Reached skill level 5 in Conjurations
  5432 | D:5      | Found a shattered altar of Ashenzari.
  5699 | D:6      | Noticed Eustachio
  5719 | D:6      | Reached * piety under Sif Muna
  5952 | D:6      | Reached skill level 9 in Earth Magic
  5979 | D:6      | Reached XP level 9. HP: 44/55 MP: 0/18
  6244 | D:5      | Mangled by an orc warrior

Skill      XL: |  1  2  3  4  5  6  7  8  9 |
---------------+----------------------------+-----
Fighting       | 1 2 3 |  3.1
Dodging        | 4 5 |  5.2
Spellcasting   | 6 |  6.2
Conjurations   | 3 4 5 |  5.5
Earth Magic    | 7 8 9 |  9.3
Stealth        | 3 4 |  4.0
Transmutations | 2 |  2.0

Action                   |  1- 3 |  4- 6 |  7- 9 || total
-------------------------+-------+-------+-------++-------
Melee: Unarmed           |    59 |       |       ||    59
       Constrict         |    17 |    18 |    28 ||    63
       Tentacles         |    14 |    11 |    16 ||    41
       Hand axe          |     7 |       |       ||     7
       Dagger            |     4 |    67 |    64 ||   135
       Staff             |       |       |    45 ||    45
Throw: Tomahawk          |       |       |     1 ||     1
 Cast: Sandblast         |     9 |     3 |    21 ||    33
       Passwall          |     1 |     4 |     1 ||     6
       Stone Arrow       |       |     3 |     9 ||    12
       Lee's Rapid Decon |       |     4 |    30 ||    34
       Petrify           |       |     1 |    13 ||    14
Invok: Divine Energy     |       |       |     1 ||     1
  Use: Scroll            |     4 |       |     2 ||     6
       Potion            |     2 |     2 |       ||     4
 Stab: Sleeping          |     7 |    12 |    15 ||    34
       Petrified         |       |     5 |     6 ||    11
  Eat: Chunk             |     1 |     5 |    16 ||    22
       Ration            |       |       |     2 ||     2
Armor: Skin              |     6 |     4 |    11 ||    21
Dodge: Dodged            |    47 |    38 |    95 ||   180
